 Dungeon Crawl Stone Soup version 0.26-a0-667-g92642533e4 (webtiles) character file.

Game seed: 10262125986129425734

48 robertstho the Chiller (level 3, -2/25 HPs)
             Began as a Gnoll Ice Elementalist on Oct 16, 2020.
             Slain by Crazy Yiuf
             ... wielding a +3 quarterstaff of chaos
              (20 damage)
             ... on level 2 of the Dungeon.
             The game lasted 00:02:40 (2208 turns).

robertstho the Chiller (Gnoll Ice Elementalist)     Turns: 2208, Time: 00:02:41

Health: -2/25      AC:  3    Str: 10    XL:     3   Next: 72%
Magic:  5/9        EV: 14    Int: 18    God:
Gold:   101        SH:  0    Dex: 15    Spells: 5/12 levels left

rFire    . . .     SeeInvis .   i - +0 short sword
rCold    . . .     Faith    .   (no shield)
rNeg     . . .     Spirit   .   a - +0 robe
rPois    .         Reflect  .   (no helmet)
rElec    .         Harm     .   (no cloak)
rCorr    .         Rampage  .   (no gloves)
MR       .....                  j - +0 pair of boots
Stlth    +++.......             (no amulet)
HPRegen  0.08/turn              (no ring)
MPRegen  0.11/turn              (no ring)

@: frozen ramparts
A: distributed training, fangs 1, strong nose
a: no special abilities


You were on level 2 of the Dungeon.
You visited 1 branch of the dungeon, and saw 2 of its levels.

You collected 101 gold pieces.

Inventory:

Hand Weapons
 i - a +0 short sword (weapon)
Missiles
 m - 6 javelins (quivered)
Armour
 a - a +0 robe (worn)
 j - a +0 pair of boots (worn)
Scrolls
 b - 3 scrolls of noise {unknown}
 c - 2 scrolls of amnesia {unknown}
 d - 6 scrolls of identify {unknown}
 e - 2 scrolls of remove curse {unknown}
 h - 2 scrolls of random uselessness {unknown}
 l - a scroll of immolation {unknown}
Potions
 f - a potion of resistance {unknown}
 g - a potion of curing {unknown}
 k - a potion of invisibility {unknown}
 n - a potion of lignification {unknown}


   Skills:
 + Level 0.9 Fighting
 + Level 0.9 Short Blades
 + Level 0.9 Long Blades
 + Level 0.9 Axes
 + Level 0.9 Maces & Flails
 + Level 0.9 Polearms
 + Level 0.9 Staves
 + Level 0.9 Slings
 + Level 0.9 Bows
 + Level 0.9 Crossbows
 + Level 0.9 Throwing
 + Level 0.9 Armour
 + Level 4.5 Dodging
 + Level 4.2 Stealth
 + Level 0.9 Shields
 + Level 0.9 Unarmed Combat
 + Level 5.0 Spellcasting
 + Level 0.6 Conjurations
 + Level 0.6 Hexes
 + Level 0.6 Summonings
 + Level 0.6 Necromancy
 + Level 0.6 Translocations
 + Level 0.6 Transmutations
 + Level 0.6 Fire Magic
 + Level 7.1 Ice Magic
 + Level 0.6 Air Magic
 + Level 0.6 Earth Magic
 + Level 0.6 Poison Magic
 + Level 1.0 Invocations
 + Level 0.9 Evocations


You had 5 spell levels left.
You knew the following spells:

 Your Spells              Type           Power        Failure   Level
a - Freeze                Ice            ####         1%          1
b - Frozen Ramparts       Ice            ####..       2%          3
c - Ozocubu's Armour      Ice            ####....     2%          3

Your spell library contained the following spells:

 Spells                   Type           Power        Failure   Level
 Hailstorm                Conj/Ice       ###.....     26%         4
 Summon Ice Beast         Ice/Summ       ###.....     26%         4


Dungeon Overview and Level Annotations

Branches:
Dungeon (2/15)

Altars:

Annotations:
D:2 Crazy Yiuf


Innate Abilities, Weirdness & Mutations

Your experience applies equally to all skills.
You have very sharp teeth.
Your uncanny sense of smell can sniff out nearby items.


Message History

You finish memorising.
Spell assigned to 'c'.
Casting: Freeze (safe; 1% risk of failure)
Confirm with . or Enter, or press ? or * to list all spells.
The walls around you are covered in ice.
You open the door.
The wall freezes Crazy Yiuf!
The wall freezes Crazy Yiuf.
You see here a mace.
Casting: Frozen Ramparts (dangerous; 2% risk of failure)
Confirm with . or Enter, or press ? or * to list all spells.
Aiming: Freeze (safe; 1% risk of failure)
Press: ? - help, Shift-Dir - straight line, f - Crazy Yiuf
Aim: Crazy Yiuf, wielding a +3 quarterstaff of chaos and wearing a +1 cloak (heavily wounded)
You freeze Crazy Yiuf.
Crazy Yiuf is severely wounded.
The wall freezes Crazy Yiuf.
Crazy Yiuf grits, "East unthinkable return to song!"
Crazy Yiuf hits you with a +3 quarterstaff of chaos!
You are electrocuted!!
Ouch! That really hurt!
You die...

#.##..)≈....#.#.######..≈##
......≈≈≈≈≈≈≈#.## #...#
#....#########.# #.###
####.# #..# #.# #.# ####
### #.# #.# ###♣♣♣♣♣
#.####...)♣)♣♣♣ ###
#.........)♣)@♣#)))#
#.##.....♣♣♣♣♣g')).#
####.###....♣ ♣♣#)))#
.....# ####♣♣ ###
####.##### ##......#
##.......############
#...................#
#.........##.#####..#


You could see Crazy Yiuf.

Vanquished Creatures
  A shadow imp (D:2)
  An ooze (D:1)
  A dart slug (D:1)
  A worm (D:2)
  3 bats (D:1)
  3 giant cockroaches
  5 goblins (D:1)
  2 hobgoblins
  4 frilled lizards
  4 kobolds
  7 rats
32 creatures vanquished.

Notes
Turn   | Place    | Note
-------+----------+-------------------------------------------
     0 | D:1      | robertstho the Gnoll Ice Elementalist began the quest for
                  | the Orb.
     0 | D:1      | Reached XP level 1. HP: 13/13 MP: 6/6
   265 | D:1      | Reached XP level 2. HP: 19/19 MP: 3/7
   454 | D:1      | Reached XP level 3. HP: 14/25 MP: 1/9
   460 | D:1      | Reached skill level 5 in Spellcasting
   980 | D:2      | Found a faded altar of an unknown god.
  1363 | D:2      | Reached skill level 1 in Invocations
  1642 | D:2      | Found a runed translucent door.
  1643 | D:2      | Noticed Crazy Yiuf
  2201 | D:2      | Learned a level 3 spell: Frozen Ramparts
  2205 | D:2      | Learned a level 3 spell: Ozocubu's Armour
  2208 | D:2      | Slain by Crazy Yiuf

Illustrated notes

Levels and vault maps discovered:
D:1:      dpeg_arrival_round_b, layout_loops_cross, minmay_tetromino_s2
D:2:      layout_loops_ring, serial_rivers, chequers_serial_rivers_micro_c,
          chequers_serial_rivers_micro_c, chequers_serial_rivers_small_b,
          chequers_serial_rivers_micro_c, chequers_serial_rivers_micro_c,
          chequers_serial_rivers_micro_e, chequers_ecumenical_altar_simple,
          grunt_ministairs_5, uniq_crazy_yiuf_cottage

Skill      XL: |  1  2  3 |
---------------+----------+-----
Spellcasting   | 5 |  5.0
Invocations    | 1 |  1.0
Fighting       | |  0.9
Short Blades   | |  0.9
Long Blades    | |  0.9
Axes           | |  0.9
Maces & Flails | |  0.9
Polearms       | |  0.9
Staves         | |  0.9
Slings         | |  0.9
Bows           | |  0.9
Crossbows      | |  0.9
Throwing       | |  0.9
Armour         | |  0.9
Dodging        | |  4.5
Stealth        | |  4.2
Shields        | |  0.9
Unarmed Combat | |  0.9
Conjurations   | |  0.6
Hexes          | |  0.6
Summonings     | |  0.6
Necromancy     | |  0.6
Translocations | |  0.6
Transmutations | |  0.6
Fire Magic     | |  0.6
Ice Magic      | |  7.1
Air Magic      | |  0.6
Earth Magic    | |  0.6
Poison Magic   | |  0.6
Evocations     | |  0.9

Action                   || total
-------------------------++-------
Melee: Unarmed           ||     6
       Short sword       ||    53
       Bite              ||     4
 Cast: Freeze            ||    35
       Frozen Ramparts   ||     1
 Stab: Sleeping          ||     5
Armor: Robe              ||    14
Dodge: Dodged            ||    53

Table legend: (Time is in decaauts)
 A = Elapsed time spent in this place.
 B = Non-inter-level travel time spent in this place.
 C = Inter-level travel time spent in this place.
 D = Time resting spent in this place.
 E = Time spent auto-exploring this place.
 F = Levels seen in this place.
 G = Mean time per level.
                   A        B        C        D        E       F      G
               +--------+--------+--------+--------+--------+-----+--------+
         Total |   2217 |   2210 |      7 |    177 |   1769 |   2 | 1108.5 |
       Dungeon |   2217 |   2210 |      7 |    177 |   1769 |   2 | 1108.5 |
               +--------+--------+--------+--------+--------+-----+--------+

Top non-repeatable levels by time:
     D:2: 1280 daAuts
     D:1: 937 daAuts
